| TOP OF THE 1ST |
|
Clinton Pilots batting - Pitching for Waterloo Hawks : RHP John Franks
|
|
Pitching: RHP John Franks
|
|
|
Batting: RHB Danny Chairez
|
0-0: Called Strike 0-1: Ball 1-1: Swinging Strike 1-2: Ball 2-2: DOUBLE (Line Drive, 89D, EV 106.3 MPH)
|
|
Batting: RHB Tom Riley
|
0-0: Ball 1-0: Ground out 5-3 (Groundball, 5L, EV 101.3 MPH)
|
|
Batting: SHB Alan Regier
|
0-0: Ball 1-0: Foul Ball, location: 2F 1-1: Ball 2-1: Foul Ball, location: 2F 2-2: Ball 3-2: Strikes out swinging
|
|
Batting: RHB Abe Rael
|
0-0: Called Strike 0-1: Called Strike 0-2: Strikes out swinging
|
| Top of the 1st over - 0 runs, 1 hit, 0 errors, 1 left on base; Clinton 0 - Waterloo 0 |
| BOTTOM OF THE 1ST |
|
Waterloo Hawks batting - Pitching for Clinton Pilots : LHP Louis Blows
|
|
Pitching: LHP Louis Blows
|
|
|
Batting: RHB Edward Irvine
|
0-0: Fly out, F3 (Popup, 3L, EV 58.1 MPH)
|
|
Batting: RHB Daniel Jones
|
0-0: Called Strike 0-1: Ball 1-1: Ball 2-1: Foul Ball, location: 2F 2-2: Foul Ball, location: 2F 2-2: Ground out 1-3 (Groundball, 13, EV 68.8 MPH)
|
|
Batting: LHB Ronald Davis
|
0-0: Called Strike 0-1: Fly out, F8 (Flyball, 89D, EV 109.4 MPH)
|
| Bottom of the 1st over - 0 runs, 0 hits, 0 errors, 0 left on base; Clinton 0 - Waterloo 0 |
| TOP OF THE 2ND |
|
Clinton Pilots batting - Pitching for Waterloo Hawks : RHP John Franks
|
|
Batting: RHB Joseph Rietano
|
0-0: Ball 1-0: SINGLE (Line Drive, 9S, EV 108.8 MPH)
|
|
Batting: RHB Alberto Reyes
|
0-0: Foul Ball, location: 2F 0-1: Ball 1-1: Swinging Strike 1-2: Strikes out swinging
|
|
Batting: RHB Barry Siebert
|
0-0: Ball 1-0: Ball 2-0: Ball 3-0: Called Strike 3-1: Fly out, F7 (Line Drive, 7, EV 94.4 MPH)
|
|
Batting: LHB Epifano Martinez
|
0-0: Called Strike 0-1: Foul Ball, location: 2F 0-2: Foul Ball, location: 2F 0-2: Fly out, F9 (Flyball, 9, EV 91.9 MPH)
|
| Top of the 2nd over - 0 runs, 1 hit, 0 errors, 1 left on base; Clinton 0 - Waterloo 0 |
| BOTTOM OF THE 2ND |
|
Waterloo Hawks batting - Pitching for Clinton Pilots : LHP Louis Blows
|
|
Batting: RHB Carmelo Aguayo
|
0-0: Ball 1-0: Ball 2-0: Ground out 2-3 (Groundball, 2R, EV 71.9 MPH)
|
|
Batting: LHB Burk Goldthorn
|
0-0: Ball 1-0: Called Strike 1-1: Swinging Strike 1-2: Strikes out swinging
|
|
Batting: RHB Juan Baez
|
0-0: Ball 1-0: Ball 2-0: Foul Ball, location: 2F 2-1: Foul Ball, location: 2F 2-2: Ball 3-2: DOUBLE (Flyball, 8RD, EV 96.3 MPH)
|
|
Batting: RHB Michael Williams
|
0-0: Ball 1-0: Foul Ball, location: 2F 1-1: Foul Ball, location: 2F 1-2: Ball 2-2: Fly out, F8 (Flyball, 78XD, EV 100.0 MPH)
|
| Bottom of the 2nd over - 0 runs, 1 hit, 0 errors, 1 left on base; Clinton 0 - Waterloo 0 |
| TOP OF THE 3RD |
|
Clinton Pilots batting - Pitching for Waterloo Hawks : RHP John Franks
|
|
Batting: RHB Donn Koch
|
0-0: Ball 1-0: Ground out 1-3 (Groundball, 15S, EV 61.9 MPH)
|
|
Batting: RHB Danny Chairez
|
0-0: Called Strike 0-1: Ball 1-1: Ball 2-1: DOUBLE (Line Drive, 7LM, EV 96.3 MPH)
|
|
Batting: RHB Tom Riley
|
0-0: Called Strike 0-1: Fly out, F3 (Popup, 23F, EV 91.9 MPH)
|
|
Batting: SHB Alan Regier
|
0-0: Foul Ball, location: 2F 0-1: Ball 1-1: Ball 2-1: Ball 3-1: Base on Balls
|
|
Batting: RHB Abe Rael
|
0-0: Ball 1-0: Foul Ball, location: 2F 1-1: Fly out, F4 (Popup, 34, EV 66.9 MPH)
|
| Top of the 3rd over - 0 runs, 1 hit, 0 errors, 2 left on base; Clinton 0 - Waterloo 0 |
| BOTTOM OF THE 3RD |
|
Waterloo Hawks batting - Pitching for Clinton Pilots : LHP Louis Blows
|
|
Batting: SHB Nelson Liriano
|
0-0: Ball 1-0: Called Strike 1-1: Ball 2-1: Ball 3-1: Foul Ball, location: 2F 3-2: Base on Balls
|
|
Batting: RHB David Cusack
|
0-0: Ball 1-0: Ball 2-0: Ball 3-0: Base on Balls Nelson Liriano to second
|
|
Batting: RHB Edward Irvine
|
0-0: Called Strike 0-1: Foul Ball, location: 2F 0-2: Foul Ball, location: 2F 0-2: Foul Ball, location: 2F 0-2: SINGLE (Groundball, 6MD, EV 94.4 MPH) Nelson Liriano to third David Cusack to second Runner from 3rd tries for Home, SAFE, throw by CF to home
|
|
Batting: RHB Daniel Jones
|
0-0: Ball Wild Pitch! David Cusack to third Edward Irvine to second 1-0: Ball 2-0: Called Strike 2-1: Ball 3-1: Foul Ball, location: 2F 3-2: Base on Balls
|
|
Batting: LHB Ronald Davis
|
0-0: Called Strike 0-1: Foul Ball, location: 2F 0-2: Ball 1-2: Foul Ball, location: 2F 1-2: Ball 2-2: Fly out, F6 (Flyball, 6D, EV 78.1 MPH)
|
|
Batting: RHB Carmelo Aguayo
|
0-0: Ball 1-0: Fly out, F7 (Flyball, 78D, EV 106.3 MPH) Runner from 3rd tags up, SCORES, throw by LF
|
|
Batting: LHB Burk Goldthorn
|
0-0: Called Strike 0-1: Ball 1-1: Ball 2-1: Called Strike 2-2: Ball 3-2: Ground out 4-3 (Groundball, 4, EV 100.6 MPH)
|
| Bottom of the 3rd over - 2 runs, 1 hit, 0 errors, 2 left on base; Clinton 0 - Waterloo 2 |
| TOP OF THE 4TH |
|
Clinton Pilots batting - Pitching for Waterloo Hawks : RHP John Franks
|
|
Batting: RHB Joseph Rietano
|
0-0: Foul Ball, location: 2F 0-1: Ball 1-1: Swinging Strike 1-2: Strikes out swinging
|
|
Batting: RHB Alberto Reyes
|
0-0: Called Strike 0-1: SINGLE (Groundball, 6S, EV 75.6 MPH) (infield hit)
|
|
Batting: RHB Barry Siebert
|
0-0: Ball 1-0: Swinging Strike 1-1: Called Strike Alberto Reyes steals 2nd base 1-2: DOUBLE (Groundball, 3L, EV 98.1 MPH) Alberto Reyes scores
|
|
Batting: LHB Epifano Martinez
|
0-0: Ground out 6-3 (Groundball, 6, EV 91.9 MPH) Barry Siebert to third
|
|
Batting: RHB Donn Koch
|
0-0: Called Strike 0-1: Fly out, F9 (Flyball, 89M, EV 83.8 MPH)
|
| Top of the 4th over - 1 run, 2 hits, 0 errors, 1 left on base; Clinton 1 - Waterloo 2 |
| BOTTOM OF THE 4TH |
|
Waterloo Hawks batting - Pitching for Clinton Pilots : LHP Louis Blows
|
|
Batting: RHB Juan Baez
|
0-0: Foul Ball, location: 2F 0-1: Ground out 5-3 (Groundball, 56, EV 98.8 MPH)
|
|
Batting: RHB Michael Williams
|
0-0: SINGLE (Line Drive, 6D, EV 102.5 MPH)
|
|
Batting: SHB Nelson Liriano
|
0-0: Called Strike 0-1: Ball 1-1: Called Strike 1-2: Fly out, F8 (Line Drive, 8LD, EV 93.1 MPH)
|
|
Batting: RHB David Cusack
|
0-0: Called Strike 0-1: Ball 1-1: DOUBLE (Flyball, 8RXD, EV 105.6 MPH) Michael Williams to third Runner from 3rd tries for Home, SAFE, throw by CF to home
|
|
Batting: RHB Edward Irvine
|
0-0: Fly out, F8 (Line Drive, 8RD, EV 98.8 MPH)
|
| Bottom of the 4th over - 1 run, 2 hits, 0 errors, 1 left on base; Clinton 1 - Waterloo 3 |
| TOP OF THE 5TH |
|
Clinton Pilots batting - Pitching for Waterloo Hawks : RHP John Franks
|
|
Batting: RHB Danny Chairez
|
0-0: Ball 1-0: Fly out, F1 (Line Drive, P, EV 73.8 MPH)
|
|
Batting: RHB Tom Riley
|
0-0: Called Strike 0-1: Foul Ball, location: 2F 0-2: Foul Ball, location: 2F 0-2: Ball 1-2: SINGLE (Groundball, 34D, EV 95.0 MPH)
|
|
Batting: SHB Alan Regier
|
0-0: Ball 1-0: Swinging Strike 1-1: Fly out, F9 (Flyball, 9LS, EV 95.0 MPH)
|
|
Batting: RHB Abe Rael
|
0-0: Ball 1-0: Foul Ball, location: 2F 1-1: Ball 2-1: Ball 3-1: Base on Balls Tom Riley to second
|
|
Batting: RHB Joseph Rietano
|
0-0: Ball 1-0: Called Strike 1-1: Swinging Strike 1-2: SINGLE (Line Drive, 3D, EV 98.1 MPH) Tom Riley to third Abe Rael to second Runner from 3rd tries for Home, SAFE, throw by RF to home Abe Rael to third Joseph Rietano to second
|
|
Batting: RHB Alberto Reyes
|
0-0: Ball 1-0: Foul Ball, location: 2F 1-1: Foul Ball, location: 2F 1-2: Ground out 6-3 (Groundball, 56, EV 76.3 MPH)
|
| Top of the 5th over - 1 run, 2 hits, 0 errors, 2 left on base; Clinton 2 - Waterloo 3 |
| BOTTOM OF THE 5TH |
|
Waterloo Hawks batting - Pitching for Clinton Pilots : LHP Louis Blows
|
|
Batting: RHB Daniel Jones
|
0-0: Foul Ball, location: 2F 0-1: Swinging Strike 0-2: Strikes out looking
|
|
Batting: LHB Ronald Davis
|
0-0: Called Strike 0-1: Ball 1-1: Ball 2-1: Ball 3-1: Ground out 6-3 (Groundball, 6, EV 98.1 MPH)
|
|
Batting: RHB Carmelo Aguayo
|
0-0: Ground out 6-3 (Groundball, 6, EV 78.1 MPH)
|
| Bottom of the 5th over - 0 runs, 0 hits, 0 errors, 0 left on base; Clinton 2 - Waterloo 3 |
| TOP OF THE 6TH |
|
Clinton Pilots batting - Pitching for Waterloo Hawks : RHP John Franks
|
|
Batting: RHB Barry Siebert
|
0-0: Ball 1-0: Foul Ball, location: 2F 1-1: Swinging Strike 1-2: Ball 2-2: Strikes out swinging
|
|
Batting: LHB Epifano Martinez
|
0-0: Ball 1-0: Fly out, F9 (Flyball, 89D, EV 98.8 MPH)
|
|
Batting: RHB Donn Koch
|
0-0: Ball 1-0: Fly out, F5 (Line Drive, 5, EV 73.8 MPH)
|
| Top of the 6th over - 0 runs, 0 hits, 0 errors, 0 left on base; Clinton 2 - Waterloo 3 |
| BOTTOM OF THE 6TH |
|
Waterloo Hawks batting - Pitching for Clinton Pilots : LHP Louis Blows
|
|
Batting: LHB Burk Goldthorn
|
0-0: Swinging Strike 0-1: Ball 1-1: Ball 2-1: Swinging Strike 2-2: Strikes out swinging
|
|
Batting: RHB Juan Baez
|
0-0: Foul Ball, location: 2F 0-1: Ball 1-1: Ball 2-1: Foul Ball, location: 2F 2-2: Ball 3-2: Ground out U3 (Groundball, 34, EV 90.0 MPH)
|
|
Batting: RHB Michael Williams
|
0-0: Ground out 4-3 (Groundball, 4, EV 88.8 MPH)
|
| Bottom of the 6th over - 0 runs, 0 hits, 0 errors, 0 left on base; Clinton 2 - Waterloo 3 |
| TOP OF THE 7TH |
|
Clinton Pilots batting - Pitching for Waterloo Hawks : RHP John Franks
|
|
Batting: RHB Danny Chairez
|
0-0: Ball 1-0: Ball 2-0: Foul Ball, location: 2F 2-1: Fly out, F8 (Line Drive, 8LD, EV 98.1 MPH)
|
|
Batting: RHB Tom Riley
|
0-0: Foul Ball, location: 2F 0-1: Ball 1-1: Foul Ball, location: 2F 1-2: Ball 2-2: Fly out, F5 (Line Drive, 5, EV 71.3 MPH)
|
|
Batting: SHB Alan Regier
|
0-0: Called Strike 0-1: Called Strike 0-2: Ball 1-2: Ball 2-2: Foul Ball, location: 2F 2-2: Ball 3-2: Foul Ball, location: 2F 3-2: Base on Balls
|
|
Pitching: RHP Jesus Atilano
|
|
|
Batting: RHB Abe Rael
|
0-0: Ball 1-0: Swinging Strike 1-1: Ball 2-1: Fly out, F9 (Flyball, 89D, EV 81.3 MPH)
|
| Top of the 7th over - 0 runs, 0 hits, 0 errors, 1 left on base; Clinton 2 - Waterloo 3 |
| BOTTOM OF THE 7TH |
|
Waterloo Hawks batting - Pitching for Clinton Pilots : LHP Louis Blows
|
|
Batting: SHB Nelson Liriano
|
0-0: Ball 1-0: Called Strike 1-1: Ground out 5-3 (Groundball, 56, EV 84.4 MPH)
|
|
Batting: RHB David Cusack
|
0-0: Called Strike 0-1: Ball 1-1: Swinging Strike 1-2: Foul Ball, location: 2F 1-2: Strikes out swinging
|
|
Batting: RHB Edward Irvine
|
0-0: Called Strike 0-1: Foul Ball, location: 2F 0-2: Ball 1-2: Ground out 3-1 (Groundball, 34, EV 91.9 MPH)
|
| Bottom of the 7th over - 0 runs, 0 hits, 0 errors, 0 left on base; Clinton 2 - Waterloo 3 |
| TOP OF THE 8TH |
|
Clinton Pilots batting - Pitching for Waterloo Hawks : RHP Jesus Atilano
|
|
Batting: RHB Joseph Rietano
|
0-0: Called Strike 0-1: Ball 1-1: Foul Ball, location: 2F 1-2: Foul Ball, location: 2F 1-2: Ball 2-2: Fly out, F8 (Line Drive, 8LD, EV 91.9 MPH)
|
|
Batting: RHB Alberto Reyes
|
0-0: Ball 1-0: Foul Ball, location: 2F 1-1: Ball 2-1: Ball 3-1: Foul Ball, location: 2F 3-2: Ground out 6-3 (Groundball, 6S, EV 83.1 MPH)
|
|
Batting: RHB Barry Siebert
|
0-0: Called Strike 0-1: Ball 1-1: Swinging Strike 1-2: Foul Ball, location: 2F 1-2: SINGLE (Groundball, 6MD, EV 93.8 MPH)
|
|
Pitching: RHP Raymond Manship
|
|
|
Batting: LHB Epifano Martinez
|
0-0: Ball 1-0: Called Strike 1-1: Foul Ball, location: 2F 1-2: Ball 2-2: Strikes out looking
|
| Top of the 8th over - 0 runs, 1 hit, 0 errors, 1 left on base; Clinton 2 - Waterloo 3 |
| BOTTOM OF THE 8TH |
|
Waterloo Hawks batting - Pitching for Clinton Pilots : LHP Louis Blows
|
|
Batting: RHB Daniel Jones
|
0-0: Foul Ball, location: 2F 0-1: Ball 1-1: Ball 2-1: Foul Ball, location: 2F 2-2: Ball 3-2: Fly out, F8 (Flyball, 89D, EV 85.0 MPH)
|
|
Batting: LHB Ronald Davis
|
0-0: Ball 1-0: Swinging Strike 1-1: Ground out U3 (Groundball, 3, EV 83.1 MPH)
|
|
Batting: RHB Carmelo Aguayo
|
0-0: Ball 1-0: Ball 2-0: Ball 3-0: Called Strike 3-1: Base on Balls
|
|
Pitching: LHP Huub Dikker
|
|
|
Batting: LHB Burk Goldthorn
|
0-0: Foul Ball, location: 2F 0-1: Ball 1-1: Swinging Strike 1-2: SINGLE (Flyball, 4MD, EV 86.9 MPH) Carmelo Aguayo to second
|
|
Pinch Runner at 2nd Jay Loviglio:
|
|
|
Batting: RHB Juan Baez
|
0-0: Foul Ball, location: 2F 0-1: Ball 1-1: Foul Ball, location: 2F 1-2: Ball 2-2: DOUBLE (Line Drive, 78D, EV 106.3 MPH) Jay Loviglio scores Burk Goldthorn to third Runner from 3rd tries for Home, SAFE, no throw by LF
|
|
Batting: RHB Michael Williams
|
0-0: Called Strike 0-1: Ball 1-1: Ball 2-1: Swinging Strike 2-2: Foul Ball, location: 2F 2-2: Strikes out swinging
|
| Bottom of the 8th over - 2 runs, 2 hits, 0 errors, 1 left on base; Clinton 2 - Waterloo 5 |
| TOP OF THE 9TH |
|
Clinton Pilots batting - Pitching for Waterloo Hawks : RHP Raymond Manship
|
|
Batting: RHB Donn Koch
|
0-0: Ball 1-0: Foul Ball, location: 2F 1-1: Swinging Strike 1-2: Ball 2-2: Foul Ball, location: 2F 2-2: Ball 3-2: Ground out 4-3 (Groundball, 4M, EV 102.5 MPH)
|
|
Batting: RHB Danny Chairez
|
0-0: Called Strike 0-1: Fly out, F7 (Flyball, 7LS, EV 88.8 MPH)
|
|
Batting: RHB Tom Riley
|
0-0: Swinging Strike 0-1: Swinging Strike 0-2: Strikes out swinging
|
| Top of the 9th over - 0 runs, 0 hits, 0 errors, 0 left on base; Clinton 2 - Waterloo 5 |
|